 Dungeon Crawl Stone Soup version 0.23.0-3-gf3c87f2df8 (webtiles) character file.

Game seed: 6291591910610534133

24518 Rend the Cleaver (level 12, -4/110 HPs)
             Began as a Minotaur Berserker on Feb 22, 2019.
             Was a High Priest of Trog.
             Killed by divine providence
             ... invoked by an orc priest
              (11 damage)
             ... on level 2 of the Orcish Mines on Feb 23, 2019.
             The game lasted 01:20:09 (12376 turns).

Rend the Cleaver (Minotaur Berserker)              Turns: 12376, Time: 01:20:09

Health: -4/110     AC: 19    Str: 22    XL:     12   Next: 81%
Magic:  0/11       EV: 10    Int:  4    God:    Trog [*****.]
Gold:   982        SH: 18    Dex: 18    Spells: 11/11 levels left

rFire    x . .     SeeInvis .   V - +5 war axe (freeze)
rCold    + + .     Gourm    .   p - +0 large shield
rNeg     . . .     Faith    .   C - +1 plate armour {rC+}
rPois    .         Spirit   +   (helmet restricted)
rElec    .         Reflect  .   r - +0 cloak
rCorr    .         Harm     .   j - +0 pair of gloves
MR       ++...                  (no boots)
Stlth    ..........             u - amulet of guardian spirit
HPRegen  1.28/turn              v - +3 ring of dexterity
MPRegen  0.12/turn              D - ring of ice

@: regenerating
A: retaliatory headbutt, horns 2
a: Berserk, Trog's Hand, Brothers in Arms, Renounce Religion


You were on level 2 of the Orcish Mines.
You worshipped Trog.
Trog was extremely pleased with you.
You were very hungry.

You visited 3 branches of the dungeon, and saw 14 of its levels.
You also visited: Sewer and Ossuary.

You collected 1126 gold pieces.
You spent 144 gold pieces at shops.

Inventory:

Hand Weapons
 f - a +4 hand crossbow of freezing
 I - a +7 mace of crushing
 V - a +5 war axe of freezing (weapon)
Missiles
 d - 28 tomahawks (quivered)
Armour
 j - a +0 pair of gloves (worn)
 p - a +0 large shield (worn)
 r - a +0 cloak (worn)
 C - a +1 plate armour of cold resistance (worn)
 T - a scarf of cloud immunity
Jewellery
 u - an amulet of guardian spirit (around neck)
 v - a +3 ring of dexterity (left hand)
 A - an uncursed ring of stealth
 D - a ring of ice (right hand)
 J - a cursed -3 ring of strength {unknown}
 L - a cursed ring of teleportation {unknown}
 X - an uncursed amulet of the acrobat {unknown}
Wands
 g - a wand of random effects (32)
 t - a wand of polymorph (3)
 y - a wand of scattershot (5)
 E - a wand of flame (27)
 H - a wand of digging (12)
 M - a wand of acid (11)
 Q - a wand of enslavement (15)
 R - a wand of disintegration (19)
 S - a wand of paralysis (10)
Scrolls
 b - a scroll of identify
 i - a scroll of summoning {unknown}
 k - 5 scrolls of remove curse
 l - 3 scrolls of enchant weapon
 m - 3 scrolls of teleportation
 n - 2 scrolls of immolation {unknown}
 o - a scroll of fear {unknown}
 q - a scroll of random uselessness {unknown}
 s - a scroll of blinking {unknown}
 w - a scroll of silence {unknown}
 F - 2 scrolls of enchant armour {unknown}
 G - a scroll of magic mapping {unknown}
 Y - a scroll of acquirement {unknown}
Potions
 a - 10 potions of flight
 e - 5 potions of haste
 h - 7 potions of mutation
 x - a potion of cancellation {unknown}
 z - a potion of berserk rage
 B - a potion of might
 K - a potion of magic
 O - 3 potions of brilliance
 P - a potion of curing
 U - 2 potions of agility
 Z - a potion of heal wounds
Comestibles
 c - 23 rations


   Skills:
 + Level 11.2 Fighting
 * Level 12.4(13.5) Axes
 - Level 9.4(12.1) Maces & Flails
 + Level 11.0 Armour
 + Level 10.1 Dodging
 + Level 10.3 Shields


You had 11 spell levels left.
You didn't know any spells.
Your spell library contained the following spells:

 Spells                   Type           Power        Failure   Level  Hunger
 Corona                   Hex            #......      100%        1    ##.....
 Ensorcelled Hibernation  Hex/Ice        #.....       100%        2    ###....
 Confuse                  Hex            #.......     100%        3    ####...
 Dazzling Spray           Conj/Hex       #.....       100%        3    ####...
 Tukima's Dance           Hex            #.......     100%        3    ####...


Dungeon Overview and Level Annotations

Branches:
Dungeon (11/15)            Temple (1/1) D:7            Lair (0/6) D:8
    Orc (2/2) D:11            Elf (0/3) Orc:2

Altars:
Elyvilon
Fedhas
Gozag
Hepliaklqana
Kikubaaqudgha
Makhleb
Okawaru
Qazlal
Ru
Sif Muna
Trog
Uskayaw
Vehumet
Wu Jian
Xom
Yredelemnul
The Shining One
Beogh

Shops:
D:5 %   D:9 *   D:10 *   Orc:2 ?%

Portals:
Trove: D:10 (give +3 gold dragon scales)

Annotations:
D:2 2 transporters
D:9 1 exclusion


Innate Abilities, Weirdness & Mutations

You reflexively headbutt those who attack you in melee.
You have a pair of horns on your head.


Message History

You block the sun demon's attack.
As you read the scroll of teleportation, it crumbles to dust.
You feel strangely unstable.
The orc priest begins to cast a cantrip, but forgets the words!
The orc warrior hits your troll with a +0 trident!
The orc warrior hits you but does no damage.
Your troll bites the orc warrior!!
Your troll claws the orc warrior!
The orc warrior dies!
Trog accepts your kill.
The orc warrior hits you but does no damage.
You block the sun demon's attack.
The orc warrior hits you from afar with a +0 halberd of freezing.
* * * LOW HITPOINT WARNING * * *
As you read the scroll of teleportation, it crumbles to dust.
You feel strangely stable.
Your troll bites the orc warrior!!
The orc warrior dies!
Trog accepts your kill.
The orc priest mumbles some strange prayers to Beogh against you.
Beogh smites you!
You die...

##).[>...## .##
##....##..## ..##
###...###.(##
...## .. #
#....###÷(###..o##
... ##...#.#
##)(##....#....
###.####
##)(#.#o....# ###
##.(.T).....
##.)3#o#.#..
##.@o......
##.)#.#..# ##.....
#∩.∩## #.## ##


You could see a sun demon, 2 orc warriors, 2 orc priests and a friendly troll
(berserk).

Vanquished Creatures
  The ghost of YM2612 the Covert, a journeyman VSAs of Dithmenos (Orc:1)
  4 hydras (D:11)
  Harold (Orc:1)
  Erolcha (Orc:1)
  3 two-headed ogres
  2 orc knights
  An orc sorcerer (Orc:2)
  A cyclops (D:11)
  An ugly thing (D:11)
  A centaur zombie (D:11)
  A hellwing (Orc:2)
  3 trolls (Orc:1)
  A merfolk (D:10)
  2 hippogriffs
  Prince Ribbit (D:5)
  Sigmund (D:5)
  5 yaks (D:10)
  2 wraiths (Ossuary)
  2 wyverns
  The ghost of Sondor the Skirmisher, an amateur DsCK of Xom (D:3)
  A hungry ghost (D:8)
  4 wargs
  Edmund (D:4)
  Duvessa (D:5)
  A water moccasin (D:9)
  19 orc warriors
  3 ice beasts
  2 sky beasts
  5 black bears
  13 ogres
  3 phantoms
  2 centaurs
  3 big kobolds
  A wyvern zombie (D:7)
  A gnoll sergeant (D:11)
  6 bullfrogs
  A water moccasin zombie (D:9)
  Dowan (D:5)
  6 scorpions
  6 wights
  63 killer bees
  6 howler monkeys
  A bullfrog zombie (D:10)
  4 crimson imps
  2 bullfrog skeletons
  15 orc priests
  2 centaur skeletons
  A gnoll shaman (D:9)
  5 hounds
  2 jellies
  23 orc wizards
  4 iguanas
  A merfolk siren (Sewer)
  10 worker ants
  A merfolk avatar (Sewer)
  A hound skeleton (D:11)
  A worker ant zombie (D:7)
  14 gnolls
  A river rat (Sewer)
  12 adders
  2 shadow imps (D:7)
  2 adder zombies (Ossuary)
  2 oozes
  2 adder skeletons
  A worm (D:2)
  2 dart slugs
  12 leopard geckos
  73 orcs
  10 giant cockroaches
  6 goblins
  6 hobgoblins
  15 jackals
  27 kobolds
  3 quokkas
  9 ball pythons
  2 ball python skeletons (Ossuary)
  8 bats
  6 frilled lizards
  A hobgoblin skeleton (Ossuary)
  3 hobgoblin zombies
  2 kobold skeletons (D:7)
  2 kobold zombies
  A leopard gecko skeleton (D:4)
  4 orc skeletons
  An orc zombie (D:7)
  2 quokka skeletons
  A quokka zombie (D:8)
  29 rats
  A rat zombie (D:8)
519 creatures vanquished.

Vanquished Creatures (collateral kills)
  3 orc warriors
  An ice beast (D:11)
  An orc (Orc:1)
5 creatures vanquished.

Grand Total: 524 creatures vanquished

Notes
Turn   | Place    | Note
-------+----------+-------------------------------------------
     0 | D:1      | Rend the Minotaur Berserker began the quest for the Orb.
     0 | D:1      | Reached XP level 1. HP: 19/19 MP: 0/0
   172 | D:1      | Reached XP level 2. HP: 25/27 MP: 1/1
   185 | D:1      | Reached skill level 4 in Axes
   742 | D:2      | Reached XP level 3. HP: 30/33 MP: 2/2
   895 | D:2      | Reached ** piety under Trog
   999 | D:2      | Found a transporter.
  1007 | D:2      | Found a hazy altar of Hepliaklqana.
  1189 | D:2      | Found a transporter.
  1359 | D:2      | Reached XP level 4. HP: 40/40 MP: 3/3
  1505 | D:3      | Reached skill level 5 in Axes
  1842 | D:3      | Reached XP level 5. HP: 46/47 MP: 4/4
  2110 | D:3      | Reached *** piety under Trog
  2174 | D:3      | Found a runed translucent gate.
  2174 | D:3      | Identified the +10 ring mail of Sif Muna's Esteem {MR++}
  2174 | D:3      | Noticed Sondor's ghost (amateur DsCK)
  2175 | D:3      | Found a runed translucent gate.
  2176 | D:3      | Found a roughly hewn altar of Beogh.
  2176 | D:3      | Found a runed translucent gate.
  2603 | D:3      | Killed Sondor's ghost
  2603 | D:3      | Reached skill level 6 in Axes
  2603 | D:3      | Reached skill level 1 in Shields
  2603 | D:3      | Reached XP level 6. HP: 55/55 MP: 5/5
  2883 | D:4      | Reached skill level 5 in Fighting
  3067 | D:4      | Noticed Edmund
  3079 | D:4      | Killed Edmund
  3139 | D:4      | Found a glowing drain.
  3142 | D:4      | Reached XP level 7. HP: 61/61 MP: 6/6
  3223 | Sewer    | Entered a sewer
  3352 | Sewer    | Reached skill level 1 in Maces & Flails
  3373 | Sewer    | Reached **** piety under Trog
  3774 | D:4      | Found a stormy altar of Qazlal.
  3958 | D:4      | Reached skill level 5 in Armour
  4034 | D:5      | Entered Level 5 of the Dungeon
  4034 | D:5      | Noticed Duvessa
  4034 | D:5      | Noticed Dowan
  4106 | D:5      | Killed Dowan
  4113 | D:5      | Killed Duvessa
  4113 | D:5      | Reached XP level 8. HP: 70/70 MP: 7/7
  4198 | D:5      | Noticed Sigmund
  4208 | D:5      | Killed Sigmund
  4208 | D:5      | Reached skill level 5 in Dodging
  4382 | D:5      | Reached skill level 5 in Maces & Flails
  4665 | D:5      | Found Haawnol's Food Emporium.
  4771 | D:5      | Noticed Prince Ribbit
  4776 | D:5      | Killed Prince Ribbit
  5051 | D:6      | Reached XP level 9. HP: 67/78 MP: 6/8
  5335 | D:6      | Reached skill level 5 in Shields
  5441 | D:7      | Reached ***** piety under Trog
  5728 | D:7      | Found a staircase to the Ecumenical Temple.
  5738 | Temple   | Entered the Ecumenical Temple
  5868 | D:7      | Received a gift from Trog
  5927 | D:7      | Found a glowing golden altar of the Shining One.
  6363 | D:8      | Found a staircase to the Lair.
  6388 | D:8      | Reached XP level 10. HP: 25/88 MP: 4/9
  6748 | D:8      | Found a sand-covered staircase.
  6760 | Ossuary  | Entered an ossuary
  7044 | D:8      | Found an iron altar of Okawaru.
  7372 | D:8      | Received a gift from Trog
  7394 | D:8      | Noticed a two-headed ogre
  7403 | D:8      | Killed a two-headed ogre
  7403 | D:8      | Reached skill level 7 in Axes
  7978 | D:9      | Found a basalt altar of Yredelemnul.
  8032 | D:9      | Received a gift from Trog
  8106 | D:9      | Reached skill level 8 in Axes
  8206 | D:9      | Noticed a two-headed ogre
  8222 | D:9      | Killed a two-headed ogre
  8222 | D:9      | Reached XP level 11. HP: 44/97 MP: 5/10
  8300 | D:9      | Found Poharch's General Store.
  8798 | D:9      | Reached skill level 9 in Axes
  9493 | D:10     | Entered Level 10 of the Dungeon
  9517 | D:10     | Received a gift from Trog
  9590 | D:10     | Found a bloodstained altar of Trog.
  9741 | D:10     | Found a portal to a secret trove of treasure.
 10128 | D:10     | Found Eqihifax's Assorted Antiques.
 10134 | D:10     | Bought 2 scrolls of identify for 96 gold pieces
 10134 | D:10     | Bought a scroll of identify for 48 gold pieces
 10185 | D:11     | Found a stormy altar of Qazlal.
 10188 | D:11     | Noticed an eight-headed hydra
 10192 | D:11     | Noticed a six-headed hydra
 10232 | D:11     | Noticed an eight-headed hydra
 10245 | D:11     | Killed a 13-headed hydra
 10245 | D:11     | Reached skill level 10 in Fighting
 10245 | D:11     | Reached skill level 10 in Axes
 10324 | D:11     | Noticed a red ugly thing
 10335 | D:11     | Killed a red ugly thing
 10494 | D:11     | Noticed a seven-headed hydra
 10502 | D:11     | Killed a nine-headed hydra
 10520 | D:11     | Killed a nine-headed hydra
 10589 | D:11     | Killed a 12-headed hydra
 10589 | D:11     | Reached skill level 10 in Armour
 10630 | D:11     | Reached XP level 12. HP: 67/106 MP: 9/11
 10661 | D:11     | Noticed a two-headed ogre
 10670 | D:11     | Killed a two-headed ogre
 10796 | D:11     | Reached skill level 11 in Axes
 10933 | D:11     | Found a staircase to the Orcish Mines.
 11202 | Orc:1    | Entered Level 1 of the Orcish Mines
 11205 | Orc:1    | Noticed Erolcha
 11212 | D:11     | Received a gift from Trog
 11263 | Orc:1    | Killed Erolcha
 11484 | Orc:1    | Noticed Harold
 11516 | Orc:1    | Killed Harold
 11618 | Orc:1    | Noticed YM2612's ghost (journeyman VSAs)
 11621 | Orc:1    | Found a runed translucent gate.
 11621 | Orc:1    | Found a runed translucent gate.
 11621 | Orc:1    | Found a runed translucent gate.
 11768 | Orc:1    | Killed YM2612's ghost
 11768 | Orc:1    | Reached skill level 12 in Axes
 11768 | Orc:1    | Reached skill level 10 in Shields
 11876 | Orc:2    | Entered Level 2 of the Orcish Mines
 11961 | Orc:2    | Reached skill level 10 in Dodging
 12029 | Orc:2    | Found a staircase to the Elven Halls.
 12130 | Orc:2    | Found Gustraw's Magic Scroll Shop.
 12364 | Orc:2    | Found Hoedgh's Food Boutique.
 12374 | Orc:2    | HP: 5/110 [orc warrior/+0 halberd of freezing (15)]
 12376 | Orc:2    | Killed from afar by an orc priest

Skill      XL: |  1  2  3  4  5  6  7  8  9 10 11 12 |
---------------+-------------------------------------+-----
Axes           | 4 5 6 8 10 12 | 12.4
Fighting       | 4 5 6 8 9 10 11 | 11.2
Armour         | 3 4 5 6 7 8 10 11 | 11.0
Dodging        | 3 4 5 6 8 9 10 | 10.1
Shields        | 1 2 3 4 6 7 9 10 | 10.3
Maces & Flails | 3 6 8 9 |  9.4

Action                   |  1- 3 |  4- 6 |  7- 9 | 10-12 || total
-------------------------+-------+-------+-------+-------++-------
Melee: Hand axe          |    81 |   124 |       |       ||   205
       Headbutt          |    13 |    25 |    56 |   148 ||   242
       Flail             |       |     2 |   315 |    92 ||   409
       War axe           |       |       |       |   604 ||   604
Invok: Berserk           |       |     3 |     4 |     9 ||    16
       Trog's Hand       |       |     3 |     2 |     5 ||    10
       Brothers in Arms  |       |       |       |     5 ||     5
  Use: Scroll            |       |       |     8 |    14 ||    22
       Potion            |       |       |       |     1 ||     1
  Eat: Chunk             |     1 |    10 |    13 |    27 ||    51
       Ration            |       |       |       |     2 ||     2
Armor: Animal skin       |     3 |       |       |       ||     3
       Scale mail        |    24 |    36 |    89 |       ||   149
       Plate armour      |       |       |    24 |   276 ||   300
Dodge: Dodged            |    48 |    50 |    69 |   177 ||   344
Block: Large shield      |       |    41 |   262 |   645 ||   948
